 Dungeon Crawl Stone Soup version 0.26-a0-612-gd4d190f45e (webtiles) character file.

Game seed: 12460374264489910470

48 Shampoocat the Poker (level 3, 0/30 HPs)
             Began as a Merfolk Berserker on Sept 8, 2020.
             Was a Believer of Trog.
             Shot with a stone by a goblin (1 damage)
             ... on level 2 of the Dungeon.
             The game lasted 00:10:49 (882 turns).

Shampoocat the Poker (Merfolk Berserker)             Turns: 882, Time: 00:10:49

Health: 0/30       AC:  6    Str: 18    XL:     3   Next: 72%
Magic:  3/3        EV: 11    Int:  6    God:    Trog [**....]
Gold:   34         SH:  0    Dex: 13    Spells: 2/2 levels left

rFire    . . .     SeeInvis .   a - +0 spear
rCold    . . .     Faith    .   (no shield)
rNeg     . . .     Spirit   .   l - +0 scale mail
rPois    .         Reflect  .   (no helmet)
rElec    .         Harm     .   (no cloak)
rCorr    .                      (no gloves)
MR       .....                  (no boots)
Stlth    ..........             (no amulet)
HPRegen  0.10/turn              (no ring)
MPRegen  0.08/turn              (no ring)

@: no status effects
A: change form in water, swift swim, stealthy swim
a: Berserk, Trog's Hand, Renounce Religion


You were on level 2 of the Dungeon.
You worshipped Trog.
Trog was pleased with you.
You visited 1 branch of the dungeon, and saw 2 of its levels.

You collected 34 gold pieces.

Inventory:

Hand Weapons
 a - a +0 spear (weapon)
 d - a +0 dagger
 h - a +0 mace
 m - a +0 hunting sling
Missiles
 c - 45 stones (quivered)
 o - 17 bolts
Armour
 b - a +0 animal skin
 g - a +0 leather armour
 j - a +0 leather armour
 l - a +0 scale mail (worn)
Scrolls
 i - a scroll of teleportation {unknown}
 k - a scroll of amnesia {unknown}
Potions
 e - a potion of curing
 f - a potion of invisibility
 n - a potion of might {unknown}


   Skills:
 * Level 3.9 Fighting
 + Level 5.5 Polearms
 * Level 1.6 Armour
 - Level 2.9 Dodging
 + Level 0.2 Stealth


You had 2 spell levels left.
You didn't know any spells.
Your spell library was empty.

Dungeon Overview and Level Annotations

Branches:
Dungeon (2/15)

Altars:


Message History

The kobold hits you but does no damage.
The goblin wields a +0 hunting sling.
The goblin shoots a stone.
The stone hits you but does no damage.
You hit the kobold.
You kill the kobold!
Trog accepts your kill.
You hit the worm.
The worm is moderately wounded.
The frilled lizard barely misses you. The worm bites you!
* * * LOW HITPOINT WARNING * * *
The goblin shoots a stone.
The stone hits you.
* * * LOW HITPOINT WARNING * * *
You hit the worm.
The worm is heavily wounded.
The frilled lizard closely misses you. The worm bites you.
* * * LOW HITPOINT WARNING * * *
You hit the worm.
The worm is heavily wounded.
The frilled lizard bites you but does no damage.
The goblin shoots a stone.
The stone hits you.
You die...

#...#####
#........
#..8...8. #
+........ ...
.8...<...
♣..####........
♣.....w.8...8.
♣...†@l†?.....
♣......#...+#.
♣..g+#### ..#
.... #.. ... ##
.. .


You could see a worm, a goblin and a frilled lizard.

Vanquished Creatures
  A gnoll (D:1)
  2 dart slugs (D:1)
  2 leopard geckos (D:1)
  2 giant cockroaches (D:1)
  5 goblins (D:1)
  2 hobgoblins
  3 kobolds
  6 bats (D:1)
  2 frilled lizards (D:1)
  A giant cockroach zombie (D:1)
  A quokka zombie (D:1)
  4 rats (D:1)
31 creatures vanquished.

Notes
Turn   | Place    | Note
-------+----------+-------------------------------------------
     0 | D:1      | Shampoocat the Merfolk Berserker began the quest for the
                  | Orb.
     0 | D:1      | Reached XP level 1. HP: 18/18 MP: 1/1
    68 | D:1      | Reached XP level 2. HP: 2/24 MP: 2/2
   146 | D:1      | Reached skill level 5 in Polearms
   335 | D:1      | Reached XP level 3. HP: 30/30 MP: 3/3
   571 | D:1      | Reached ** piety under Trog
   881 | D:2      | HP: 1/30 [worm (5)]
   882 | D:2      | Shot with a stone by a goblin

Illustrated notes

Levels and vault maps discovered:
D:1:      saegor_arrival_fortress, layout_basic, minmay_pentomino_v4
D:2:      layout_basic, minmay_stone_trees_small, grunt_ministairs_2,
          uniq_crazy_yiuf_cottage

Skill      XL: |  1  2 |
---------------+-------+-----
Polearms       | 5 |  5.5
Fighting       | |  3.9
Armour         | |  1.6
Dodging        | |  2.9
Stealth        | |  0.2

Action                   || total
-------------------------++-------
Melee: Spear             ||   100
  Use: Potion            ||     4
       Scroll            ||     1
 Stab: Invisible         ||     1
       Sleeping          ||     1
Armor: Animal skin       ||    16
       Leather armour    ||     8
       Scale mail        ||    24
Dodge: Dodged            ||    77

Table legend: (Time is in decaauts)
 A = Elapsed time spent in this place.
 B = Non-inter-level travel time spent in this place.
 C = Inter-level travel time spent in this place.
 D = Time resting spent in this place.
 E = Time spent auto-exploring this place.
 F = Levels seen in this place.
 G = Mean time per level.
                   A        B        C        D        E       F      G
               +--------+--------+--------+--------+--------+-----+--------+
         Total |    873 |    864 |      9 |      0 |      0 |   2 |  436.5 |
       Dungeon |    873 |    864 |      9 |      0 |      0 |   2 |  436.5 |
               +--------+--------+--------+--------+--------+-----+--------+

Top non-repeatable levels by time:
     D:1: 857 daAuts
     D:2: 15 daAuts
